 Dungeon Crawl Stone Soup version 0.29.0-4-gdea44cf6ec (webtiles) character file.

Game seed: 762391415241381990

23 Sabo the Shield-Bearer (level 3, 29/29 HPs)
             Began as a Formicid Fighter on Aug 27, 2022.
             Was a Follower of Kikubaaqudgha.
             Got out of the dungeon alive.
             The game lasted 00:02:27 (836 turns).

Sabo the Shield-Bearer (Formicid Fighter)            Turns: 836, Time: 00:02:28

Health: 29/29      AC:  9    Str: 22    XL:     3   Next: 10%
Magic:  3/3        EV:  7    Int:  7    God:    Kikubaaqudgha [*.....]
Gold:   18         SH:  5    Dex: 13    Spells: 2/2 levels left

rFire   . . .      SeeInvis +   a - +0 war axe
rCold   . . .      Faith    .   c - +0 buckler
rNeg    . . .      Spirit   .   h - +0 chain mail
rPois   .          Reflect  .   (helmet unavailable)
rElec   .          Harm     .   (no cloak)
rCorr   .          Rampage  .   (no gloves)
Will    .....                   (no boots)
Stlth   ..........              (no amulet)
HPRegen 0.09/turn               (no ring)
MPRegen 0.08/turn               (no ring)

@: no status effects
A: permanent stasis, dig shafts and tunnels, antennae 3, four strong arms
a: Dig, Shaft Self, Renounce Religion, Unearth Wretches


You escaped.
You worshipped Kikubaaqudgha.
Kikubaaqudgha was aware of your devotion.
You visited 1 branch of the dungeon, and saw 1 of its levels.

You collected 18 gold pieces.

Inventory:

Hand Weapons
 a - a +0 war axe (weapon)
 f - a +0 sling
Armour
 c - a +0 buckler (worn)
 h - a +0 chain mail (worn)
Scrolls
 b - a scroll of poison {unknown}
 g - 2 scrolls of identify {unknown}
 k - a scroll of fog {unknown}
 l - a scroll of blinking {unknown}
Potions
 d - a potion of might
 e - a potion of lignification {unknown}
 i - a potion of mutation {unknown}
 j - a potion of brilliance {unknown}


   Skills:
 + Level 3.6 Fighting
 + Level 2.2 Axes
 + Level 3.6 Armour
 + Level 4.3 Shields


You had 2 spell levels left.
You didn't know any spells.
Your spell library contained the following spells:

 Spells                   Type           Power      Damage    Failure   Level
 Necrotise                Necr           0%         1d4       99%         1
 Vampiric Draining        Necr           0%         2d6       100%        3
 Anguish                  Hex/Necr       0%         N/A       100%        4
 Animate Dead             Necr           0%         N/A       100%        4


Dungeon Overview and Level Annotations

Branches:
Dungeon (1/15)

Altars:
Kikubaaqudgha


Innate Abilities, Weirdness & Mutations

You cannot be hasted, slowed, berserked, paralysed or teleported.
You can dig through walls and to a lower floor.
You have a pair of large antennae on your head. (SInv)
Your four strong arms can wield two-handed weapons with a shield.


Message History

Kikubaaqudgha accepts your prayer! Kikubaaqudgha welcomes you!
You can now bring forth the wretched and dying.
Kikubaaqudgha grants you a gift!
You add the spells Necrotise, Vampiric Draining, Anguish and Animate Dead to your library.
You enter the shallow water.
Moving in this stuff is going to be slow.
There is a dry fountain here.
A rat comes into view.
The rat bites you.
You barely miss the rat. The rat bites you.
You hit the rat.
You kill the rat!
Kikubaaqudgha accepts your kill.
You see here a rat corpse.
A goblin comes into view. It is wielding a +0 club.
The goblin shouts!
You hear an angry hiss.
As you open the door, it creaks loudly!
A ball python comes into view.
There is an open door here.
The goblin hits you but does no damage. The goblin attacks as you move away!
The goblin hits you with a +0 club.
You slash the goblin!
You kill the goblin!
Kikubaaqudgha accepts your kill.
Things that are here:
a +0 club; a goblin corpse The ball python bites you but does no damage.
The ball python closely misses you.
Things that are here:
a +0 club; a goblin corpse You slash the ball python!
You kill the ball python!
Kikubaaqudgha accepts your kill.
Things that are here:
a +0 club; a goblin corpse
There is a staircase leading out of the dungeon here.
You can't go down here!
Are you sure you want to leave the Dungeon?
This will make you lose the game!
You have escaped!

#############################
............................#####
######..####...'####..#####.#....
####..####...## #..## #.'.#
###'##..##'#...#####..'# #.#.#
................@.....#####.#.#
.......###'#..............^.#.###
.......# ###....####'.#####.#[[.#
##'....# #..(.# ##.'# #.###.#
###....#####....#####.#####.# #.#
..........).................# #.#
########'##############+#######.#
...........# #.........#
...##.####.# ##...#......


There were no monsters in sight!

Vanquished Creatures
  A gnoll (D:1)
  2 ball pythons (D:1)
  An endoplasm (D:1)
  3 goblins (D:1)
  A kobold (D:1)
  2 frilled lizards (D:1)
  3 rats (D:1)
13 creatures vanquished.

Vanquished Creatures (others)
  3 plants (D:1)
3 creatures vanquished.

Grand Total: 16 creatures vanquished

Notes
Turn   | Place    | Note
-------+----------+-------------------------------------------
     0 | D:1      | Sabo the Formicid Fighter began the quest for the Orb.
     0 | D:1      | Reached XP level 1. HP: 18/18 MP: 1/1
   161 | D:1      | Reached XP level 2. HP: 2/24 MP: 2/2
   760 | D:1      | Found a faded altar of an unknown god.
   776 | D:1      | Reached XP level 3. HP: 29/29 MP: 3/3
   777 | D:1      | Prayed at the altar of an unknown god.
   777 | D:1      | Became a worshipper of Kikubaaqudgha
   777 | D:1      | Reached * piety under Kikubaaqudgha
   777 | D:1      | Received a gift from Kikubaaqudgha
   836 | D:$      | Got out of the dungeon alive.

Illustrated notes

Levels and vault maps discovered:
D:1:      shiori_angband_town, layout_basic, serial_shops, shop, serial_forest,
          infiniplex_forest_side_room, infiniplex_forest_zigzag_1,
          infiniplex_forest_clump_small, infiniplex_forest_straight_4,
          infiniplex_forest_end_1, shapermc_ecumenical_altar_acropolis,
          serial_bayou_pond_e

Action                   || total
-------------------------++-------
Melee: War axe           ||    33
Armor: Chain mail        ||    13
Dodge: Dodged            ||    14
Block: Buckler           ||     5
